AoeStats
← Unchained96

Nomad

511002496Analyzed
3v3 RM · 7h ago on Oct 3, 2026· 62m 16s· 6 players
Game mode
Random Map
Map size
210×210
Population
200
Speed
Normal
Resources
Standard
Victory
Conquest
Starting age
Dark Age
Ending age
Imperial Age
RankedLock teamsTeams togetherTeam positionsShared explorationLock speedFull tech treeHidden civsTurbo modeCheats
Victory
Defeat
🇪🇸 Inca · Spain
1180
+16
🇫🇷 Malay · France
1179
+16
🇦🇺 Saxons · Australia
1171
+17
🇨🇭 Varangians · Switzerland
1235
-18
🇦🇺 Goths · Australia
1184
-16
🇰🇷 Saracens · South Korea
1148
-15
Sharcks
4:43 Loom
16:39 Feudal Age
16:32 Fishing Lines
17:16 Double-Bit Axe
21:38 Castle Age
19:31 Fletching
20:45 Town Watch
21:07 Gillnets
21:15 Bodkin Arrow
22:14 Murder Holes
22:42 Ballistics
23:46 Thalassocracy
24:46 Squires
24:31 Arson
26:45 Wheelbarrow
27:29 Bow Saw
26:43 Pikeman
28:15 Caravan
29:10 Hand Cart
32:17 Forging
35:00 Iron Casting
33:48 Man-at-Arms
37:12 Imperial Age
48:17 Conscription
48:42 Scale Barding Armor
49:38 Blast Furnace
50:26 Husbandry
49:53 Light Cavalry
52:08 Bracer
53:13 Chemistry
52:25 Masonry
56:25 Forced Levy
55:52 Long Swordsman
58:34 Halberdier
58:36 Two-Handed Swordsman
PinkPanther
5:31 Loom
13:16 Feudal Age
13:52 Double-Bit Axe
19:12 Castle Age
17:23 Gold Mining
17:18 Horse Collar
18:18 Fletching
20:30 Bow Saw
21:30 Wheelbarrow
21:05 Squires
21:52 Heavy Plow
22:11 Bodkin Arrow
23:53 Town Watch
25:05 Hand Cart
26:31 Stone Mining
31:55 Imperial Age
29:40 Scale Mail Armor
30:23 Forging
29:35 Champi Runner
30:01 Arson
30:57 Chain Mail Armor
30:22 Champi Warrior
32:20 Gold Shaft Mining
33:08 Plate Mail Armor
32:23 Elite Champi Warrior
34:36 Crop Rotation
35:20 Conscription
36:21 Iron Casting
36:41 Fabric Shields
37:06 Siege Engineers
38:40 Chemistry
39:16 Blast Furnace
39:07 Stone Shaft Mining
39:09 Ballistics
39:02 Town Patrol
40:16 Hoardings
41:14 Padded Archer Armor
42:54 Thumb Ring
42:51 Bracer
44:02 Leather Archer Armor
46:23 Elite Skirmisher
47:47 Ring Archer Armor
48:07 Pikeman
49:58 Halberdier
53:20 Andean Sling
53:51 Elite Kamayuk
56:16 Murder Holes
56:32 Masonry
Unchained96
5:03 Loom
14:57 Feudal Age
15:23 Fishing Lines
20:59 Castle Age
20:06 Fletching
22:43 Wheelbarrow
22:55 Bodkin Arrow
23:18 Careening
22:56 Double-Bit Axe
23:52 Bow Saw
24:12 Ballistics
29:52 Hand Cart
39:47 Crossbowman
40:33 Thumb Ring
40:30 Padded Archer Armor
42:37 Leather Archer Armor
43:12 Gold Mining
46:21 Imperial Age
45:20 Gambesons
45:35 Squires
45:25 Arson
45:45 Scale Mail Armor
45:55 Forging
46:27 Arbalester
47:09 Bracer
47:39 Ring Archer Armor
47:25 Chain Mail Armor
46:46 Elite Varangian Guard
47:23 Town Watch
49:42 Gold Shaft Mining
50:26 Conscription
52:51 Plate Mail Armor
52:56 Iron Casting
52:27 Shield Wall
54:26 Gillnets
56:51 Town Patrol
62:06 Hoardings
Eric
7:59 Loom
14:55 Feudal Age
18:58 Castle Age
17:27 Double-Bit Axe
18:26 Fletching
20:08 Bow Saw
20:51 Bodkin Arrow
21:29 Horse Collar
23:03 Town Watch
25:29 Fishing Lines
28:29 Ballistics
30:08 Medium Warships
30:37 Scale Barding Armor
32:42 Careening
33:57 Wheelbarrow
42:16 Imperial Age
39:59 Bloodlines
39:52 Husbandry
41:40 Hand Cart
46:08 Imperial Age
46:21 Imperial Age
43:33 Vendel Legacy
45:34 Squires
46:37 Chain Barding Armor
46:27 Forging
46:38 Cavalier
51:35 Plate Barding Armor
51:35 Iron Casting
54:18 Conscription
54:29 Elite Jarl
55:15 Gothikon
56:23 Scale Mail Armor
57:24 Blast Furnace
56:15 Elite Varangian Guard
57:38 Gambesons
XI JINPING
14:54 Feudal Age
15:27 Double-Bit Axe
21:02 Castle Age
19:36 Fletching
20:19 Horse Collar
20:43 Padded Archer Armor
20:51 Stone Mining
24:59 Gold Mining
25:52 Wheelbarrow
25:31 Heavy Plow
28:01 Bow Saw
29:14 Gold Shaft Mining
35:50 Husbandry
35:50 Bodkin Arrow
36:08 Forging
36:52 Bloodlines
37:27 Scale Barding Armor
46:39 Loom
52:29 Chain Barding Armor
richnoob575
14:57 Feudal Age
18:47 Castle Age
17:36 Fishing Lines
20:30 Wheelbarrow
20:09 Double-Bit Axe
20:27 Loom
21:02 Gillnets
22:31 Masonry
23:46 Scale Mail Armor
24:38 Careening
26:15 Hand Cart
26:00 Pikeman
26:41 Squires
26:37 Horse Collar
27:14 Anarchy
28:28 Heated Shot
29:12 Fletching
35:09 Imperial Age
33:30 Stone Mining
34:40 Chain Mail Armor
34:36 Forging
35:22 Murder Holes
35:48 Ballistics
37:29 Heavy Plow
37:54 Bodkin Arrow
39:07 Perfusion
39:27 Conscription
40:09 Iron Casting
39:35 Bracer
41:29 Crop Rotation
42:09 Blast Furnace
41:09 Bracer
42:17 Halberdier
Connection lost

Rejoining the realm…

Still unreachable

The connection could not be restored.

Session expired

The server has moved on; the page needs a fresh start.